[Event "Early-Titled-Tuesday-Blitz-January-16-2024"]
[Site "Chess.com"]
[Date "2024.01.16"]
[Round "3"]
[White "TangerineandLemon25"]
[Black "Schachmalanders"]
[Result "0-1"]
[WhiteElo "2631"]
[BlackElo "2470"]
[TimeControl "180+1"]
[EndTime "8:30:44 PST"]
[Termination "Schachmalanders won by resignation"]

1. e4 c6 2. d4 d5 3. exd5 cxd5 4. Bd3 Nf6 5. h3 g6 6. c3 Bg7 7. Qc2 O-O 8. Nf3 Nc6 9. O-O b6 10. Re1 Bb7 11. Nbd2 Rc8 12. Qa4 a6 13. Nf1 b5 14. Qd1 b4 15. Bf4 bxc3 16. bxc3 Na5 17.
Qc1 Ne4 18. Bxe4 dxe4 19. Ne5 Nc4 20. Nxc4 Rxc4 21. Nd2 Rc8 22. Qb2 Qd5 23. Qb3 Qxb3 24. axb3 Rxc3 25. Nxe4 Rxb3 26. Nc5 Rb5 27. Nxb7 Rxb7 28.
Rxa6 Bxd4 29. Ra4 Bf6 30. g4 Rb5 31. Kg2 Kg7 32. Kg3 Rc8 33. h4 Rc3+ 34. Be3 Be5+ 35. Kg2 Rc2 36. Re4 Bd6 37. Bd4+ f6 38. g5 Kf7 39. gxf6 exf6 40. Be3 Re5 41. Rd4 Bc5 42. Rd7+ Ke6 43. Rd3 Bxe3 44. Rdxe3 Rxe3 45. Rxe3+ Kf5 46. Ra3 Rc4 47. Kg3 g5 48. Ra5+ Kg6 49. hxg5 fxg5 50.
Ra6+ Kh5 51. f3 Rc7 52. Ra1 Rc6 53. Ra8 Kg6 54. Rg8+ Kf5 55. Rf8+ Rf6 56. Rh8 h6 57. Rh7 Kg6 58. Rh8 Rf7 59. Rg8+ Rg7 60. Ra8 Kh5 61. Ra1 Rd7 62. Ra6 Rd1 63. Rf6 Rg1+ 64. Kh2 Re1 65.
Kg2 Re2+ 66. Kg3 Re7 67. Ra6 Rh7 68. Ra5 Kg6 69. f4 Kh5 70. fxg5 hxg5 71. Ra1 Rc7 72.
Ra3 Rc4 73. Rb3 Rg4+ 74. Kh3 Rh4+ 75. Kg3 Rh1 76. Kg2 Rh4 77. Kg3 Rd4 78. Rc3 Rd5 79. Kh3 Kg6 80. Kg3 Kf5 81. Rf3+ Kg6 82. Rf1 Rd3+ 83. Kg4 Rd4+ 84. Kg3 Rd6 85. Re1 Rf6 86. Kg4 Rf4+ 87. Kg3 Kf5 88. Re8 Ra4 89. Rf8+ Kg6 90.
Rg8+ Kf6 91. Rf8+ Ke5 92. Rf5+ Kxf5 0-1

[Event "Early-Titled-Tuesday-Blitz-January-16-2024"]
[Site "Chess.com"]
[Date "2024.01.16"]
[Round "3"]
[White "AradNazari"]
[Black "Schattman"]
[Result "1-0"]
[WhiteElo "2647"]
[BlackElo "2452"]
[TimeControl "180+1"]
[EndTime "8:30:46 PST"]
[Termination "AradNazari won on time"]

1. c4 e5 2. a3 Nf6 3. d3 d5 4. cxd5 Nxd5 5. Nf3 Nc6 6. e4 Nf6 7. Be3 Be7 8. h3 O-O 9. Be2 h6 10. O-O Be6 11. Nbd2 Nh5 12. b4 Nf4 13. b5 Nxe2+ 14. Qxe2 Nd4 15. Bxd4 exd4 16. Rfc1 c5 17. bxc6 bxc6 18.
Rxc6 Rc8 19. Rxc8 Qxc8 20. Nxd4 Qc3 21. Rb1 Qxd4 22. Nf3 Qc3 23. Rb7 Bc5 24. a4 Bb6 25. a5 Qxa5 26. Qb2 Rc8 27. d4 Qa2 28. Qb4 Qa1+ 29.
Kh2 Qc3 30. Qa4 Qc6 31. Qxc6 Rxc6 32. d5 Bxd5 33. exd5 Rd6 34. Ne5 Rxd5 35. Nxf7 Rd2 36. f4 Rf2 37. Kg3 Rf1 38. Ne5 Bf2+ 39. Kg4 Bb6 40. Ng6 Kh7 41. Kf5 Rc1 42. Ne5 Rc7 43. Rb8 Re7 44. Ra8 a5 45. g4 Ra7 46. Rb8 Bc7 47. Rb3 a4 48. Ra3 Bd6 49. Ra2 a3 50. Nc4 Bb4 51. Ke4 Rc7 52. Kd4 Rd7+ 53. Ke4 Rc7 54.
Kd3 Rd7+ 55. Kc2 Rd4 56. Kb3 Bc5 57. f5 Rf4 58. Ne5 Re4 59. Ng6 h5 60. Rc2 hxg4 61.
hxg4 Kh6 62. Rxc5 Kg5 63. Ne5 Kf6 64. Nd7+ Kg5 65. f6+ Kg6 66. g5 gxf6 67. gxf6 Re3+ 68. Ka2 Rd3 69. Rc7 Kf5 70. f7 1-0

[Event "Early-Titled-Tuesday-Blitz-January-16-2024"]
[Site "Chess.com"]
[Date "2024.01.16"]
[Round "3"]
[White "Journey_to_GrandMaster_YT"]
[Black "ContrVersia"]
[Result "0-1"]
[WhiteElo "2511"]
[BlackElo "2829"]
[TimeControl "180+1"]
[EndTime "8:30:50 PST"]
[Termination "ContrVersia won by resignation"]

1. d4 Nf6 2. Nf3 c5 3. d5 b5 4. c4 b4 5. Qc2 g6 6. e4 d6 7. Be2 Bg7 8. O-O O-O 9. a3 Na6 10. h3 e5 11. dxe6 Bxe6 12. Rd1 Qb6 13. Bf4 Rad8 14.
Nbd2 Nh5 15. Bh2 Rfe8 16. Nf1 bxa3 17. Rxa3 Nb4 18. Qa4 a6 19. Qb3 Bc8 20. Ne3 Rxe4 21. Ng5 Ree8 22. Bxh5 gxh5 23. Raa1 h6 24. Nf3 Be6 25.
Nh4 Qc6 26. Nhf5 Bf8 27. Rd2 d5 28. cxd5 Nxd5 29. Nxd5 Rxd5 30. Qg3+ Kh7 31. Rxd5 Qxd5 32. Ne3 Qd4 33. Qe5 Bg7 34. Qxh5 Qxb2 35. Rf1 c4 36. Bf4 Qf6 37. Ng4 Qg6 38. Qxg6+ fxg6 39. Be3 h5 40. Nh2 c3 41. Nf3 Bc4 42. Ng5+ Kg8 43. Rc1 Rc8 44. Ne4 Bd3 45. Nd6 Rc6 46. Nb7 Bf6 47.
Nc5 Bb5 48. Ne4 Bg7 49. f3 c2 50. Kf2 Bb2 51. Ke1 Bxc1 52. Bxc1 a5 53. Kd2 Rc7 54. Nc3 Ba6 55. Kxc2 Kf7 56. Kb2 Bc4 57. Be3 Be6 58.
Bd4 Rc4 59. Be5 Rb4+ 60. Kc2 g5 61. g3 Kg6 62. g4 h4 63. Ne4 Rc4+ 64. Kd3 Ra4 65.
Nc5 Ra3+ 66. Ke2 Bd5 67. Ne4 Bxe4 68. fxe4 Rxh3 69. Bc7 a4 70. e5 a3 71. e6 a2 72. Be5 Ra3 73. Ba1 Ra6 74. Kd3 Rxe6 75. Kc3 Re1 0-1

[Event "Early-Titled-Tuesday-Blitz-January-16-2024"]
[Site "Chess.com"]
[Date "2024.01.16"]
[Round "3"]
[White "Aslanov_Umid"]
[Black "MdChess1734"]
[Result "1/2-1/2"]
[WhiteElo "2600"]
[BlackElo "2408"]
[TimeControl "180+1"]
[EndTime "8:31:00 PST"]
[Termination "Game drawn by repetition"]

1. e4 c6 2. d4 d5 3. Nd2 dxe4 4. Nxe4 Nf6 5. Nxf6+ exf6 6. c3 Bd6 7. Bd3 O-O 8. Qc2 Re8+ 9. Ne2 h5 10. O-O h4 11.
h3 Nd7 12. Bf4 Nf8 13. Bxd6 Qxd6 14. c4 Ne6 15. Rad1 Nf4 16. Nxf4 Qxf4 17. d5 cxd5 18.
cxd5 Bd7 19. Qb3 Rab8 20. Bb5 Red8 21. Rfe1 Bf5 22. Bd3 Rd7 23. Bxf5 Qxf5 24. Rd4 Rbd8 25. Red1 g5 26. d6 Kg7 27. Rd5 Qf4 28. Qd3 b6 29. Rd4 Qe5 30. Rd5 Qf4 31. Qa3 Qe4 32. R5d4 Qe5 33.
Qb4 Rc8 34. Qa4 Rcd8 35. Qb4 Rc8 36. Re1 Qc5 37. Qd2 Rcd8 38. Rd5 Qc6 39. Rd1 Kg6 40. Qd4 Rc8 41. f4 Qc4 42. f5+ Kg7 43. Qxc4 Rxc4 44.
R1d2 Rc6 45. Kf2 Kf8 46. Ke3 Ke8 47. b3 Kd8 48. a4 Rb7 49. R2d3 Kd7 50. Kd4 Rxd6 51.
Kc4 Rc7+ 52. Kb4 Rxd5 53. Rxd5+ Kc6 54. Rd2 Rd7 55. Rxd7 Kxd7 56. Kb5 Kc7 57. Ka6 Kb8 58. b4 Ka8 59. a5 bxa5 60. Kxa5 Kb8 61. Kb5 Kb7 62.
Kc5 Kc7 63. Kb5 Kb7 64. Ka5 Kc7 65. Ka6 Kb8 66. b5 Ka8 67. b6 axb6 68. Kxb6 Kb8 69. Kc6 Kc8 70. Kd6 Kd8 71. Kc6 Kc8 72. Kd6 Kd8 73. Kc6 Kc8 1/2-1/2

[Event "Early-Titled-Tuesday-Blitz-January-16-2024"]
[Site "Chess.com"]
[Date "2024.01.16"]
[Round "3"]
[White "Chessdude1987"]
[Black "oganromchess"]
[Result "0-1"]
[WhiteElo "2299"]
[BlackElo "2530"]
[TimeControl "180+1"]
[EndTime "8:31:00 PST"]
[Termination "oganromchess won on time"]

1. e4 e6 2. d4 d5 3. e5 c5 4. c3 Nc6 5. Nf3 Nh6 6. Bd3 cxd4 7.
O-O Be7 8. Bxh6 gxh6 9. c4 dxc4 10. Bxc4 Rg8 11. Nbd2 b6 12. Rc1 Bb7 13. Bb5 Qd5 14. Qa4 Rc8 15. Qxd4 Qxb5 16. Qf4 Bg5 17. Nxg5 hxg5 18.
Qe3 Qxe5 19. Rxc6 Qxe3 20. Rxc8+ Bxc8 21. fxe3 Ke7 22. Rc1 Bd7 23. Ne4 f5 24. Nc3 Rc8 25.
Re1 Bc6 26. h4 g4 27. Kf2 e5 28. Kg3 h5 29. Rf1 Ke6 30. Rf2 a6 31. a3 b5 32. Rd2 Bb7 33. Kf2 Rc7 34. Rd3 Rd7 35. Rxd7 Kxd7 36. g3 Ke6 37. Ke2 Bc6 38. Kd3 Kd6 39.
b4 Ke6 40. Ke2 Bb7 41. Kf2 Bd5 42. Ke2 Bc4+ 43. Kf2 Kd6 44. Kg2 Kc6 45. Kf2 Kb6 46. Kg2 a5 47. Kf2 axb4 48. axb4 Kc6 49. Kg2 Kd6 50.
Kf2 Bd3 51. Kg2 Be4+ 52. Kf2 Bc6 53. Ke2 Ke6 54. Kf2 Kf6 55. Kf1 f4 56. exf4 exf4 57. gxf4 Kf5 58. Kf2 Kxf4 59. Ne2+ Ke5 60. Ng3 Be8 61.
Ke3 Bg6 62. Nf1 Kd5 63. Nd2 g3 64. Kf3 Kd4 65. Kxg3 Kc3 66. Nf3 Kxb4 67. Ne5 Be8 68.
Kf4 Kc3 69. Kg5 b4 70. Kf6 b3 71. Ke7 b2 72. Kxe8 b1=Q 73. Kf7 Qf5+ 74. Ke7 Qxe5+ 0-1

[Event "Early-Titled-Tuesday-Blitz-January-16-2024"]
[Site "Chess.com"]
[Date "2024.01.16"]
[Round "3"]
[White "luckyswitchback"]
[Black "ATM622"]
[Result "0-1"]
[WhiteElo "2712"]
[BlackElo "2501"]
[TimeControl "180+1"]
[EndTime "8:31:22 PST"]
[Termination "ATM622 won by checkmate"]

1. e4 c6 2. d4 d5 3. e5 Bf5 4.
h4 h5 5. c4 e6 6. Nc3 Nd7 7.
cxd5 exd5 8. Bd3 Bxd3 9. Qxd3 Ne7 10. Nf3 b5 11. Bg5 b4 12. Ne2 c5 13. O-O c4 14.
Qe3 f6 15. exf6 gxf6 16. Bf4 Qb6 17. Ng3 O-O-O 18. b3 c3 19. a3 Ng6 20. Nf5 Nxf4 21. Qxf4 bxa3 22. Rfc1 Bb4 23. Ne3 Qe6 24. Nc2 Bd6 25.
Qe3 Qxe3 26. Nxe3 Nb6 27. Rxc3+ Kb7 28. Nf5 Bb4 29. Re3 Rhe8 30. Ne1 Rxe3 31. fxe3 Bc3 32. Rd1 a2 33. Nc2 Ka6 34. Kf2 Rc8 35. Ke2 Ka5 36.
Kd3 Bb2 37. Nd6 Rxc2 38. Kxc2 a1=Q 39. Rxa1+ Bxa1 40. Ne8 f5 41. Nf6 f4 42. exf4 Bxd4 43. Nxh5 Kb4 44. g4 Bf2 45. g5 Bxh4 46. g6 Nc8 47. g7 Ne7 48. f5 Ng8 49. Nf4 Kc5 50. Kd3 Bf6 51. Ne6+ Kd6 52. Ke3 Ke5 53. Nd4 Bg5+ 54.
Kd3 Kf6 55. Nc6 Kxf5 56. Nxa7 Bf6 57. b4 Bxg7 58. b5 Be5 59. Nc6 Bc7 60. Kd4 Ke6 61. Nb4 Bb6+ 62. Kd3 Ne7 63. Nxd5 Kxd5 64. Kc3 Kc5 65.
Kd3 Kxb5 66. Ke4 Kc6 67. Ke5 Nd5 68. Ke6 Bc7 69. Kf5 Kd6 70. Ke4 Bb6 71. Kf5 Ne7+ 72. Ke4 Ke6 73. Kf4 Kd5 74. Kf3 Ke5 75. Ke2 Ke4 76.
Kd2 Nd5 77. Kc2 Kd4 78. Kb3 Kd3 79. Ka4 Kc4 80. Ka3 Bd4 81. Ka4 Bb6 82. Ka3 Ne3 83. Ka4 Nd1 84. Ka3 Bc7 85. Ka4 Nb2+ 86. Ka3 Nd3 87. Ka4 Nc5+ 88. Ka3 Kc3 89. Ka2 Kc2 90.
Ka3 Ba5 91. Ka2 Bb4 92. Ka1 Nb3+ 93. Ka2 Nc1+ 94. Ka1 Bc3# 0-1

[Event "Early-Titled-Tuesday-Blitz-January-16-2024"]
[Site "Chess.com"]
[Date "2024.01.16"]
[Round "3"]
[White "PepeCuenca"]
[Black "frederiksvane"]
[Result "1-0"]
[WhiteElo "2703"]
[BlackElo "2907"]
[TimeControl "180+1"]
[EndTime "8:31:37 PST"]
[Termination "PepeCuenca won by checkmate"]

1. d4 Nf6 2. Bf4 b6 3. Nc3 Bb7 4. f3 e6 5. e4 d5 6. Nb5 Na6 7. e5 Nd7 8. Be3 Nab8 9. f4 a6 10.
Nc3 c5 11. Nf3 Nc6 12. Qd2 b5 13. dxc5 Nxc5 14. Nd4 Nxd4 15. Bxd4 b4 16. Nd1 Be7 17. Nf2 O-O 18. Be2 a5 19. O-O Ba6 20. Bxa6 Rxa6 21. Rac1 Qd7 22. c3 Rb8 23. cxb4 Ne4 24. Nxe4 dxe4 25. bxa5 g6 26. Rfd1 Bb4 27. Qe3 Qb7 28. a3 Bxa5 29. b4 Bd8 30. Bc5 Rba8 31. Rc3 Be7 32.
Bxe7 Qxe7 33. Rd4 Qa7 34. Rxe4 Rxa3 35. Rxa3 Qxa3 36. Qxa3 Rxa3 37. Rc4 Ra2 38. h3 h5 39. h4 Rb2 40. Kh2 Rb3 41. g3 Kf8 42. Rc8+ Kg7 43. Rb8 Kh7 44. Kg2 Kg7 45. b5 Kh7 46. b6 Kg7 47. Kf2 Kh7 48. Kg2 Kg7 49. Kf2 Kh7 50. Ke2 Rxg3 51. Rf8 Kg7 52. b7 Kxf8 53. b8=Q+ Kg7 54. Qd8 Rc3 55. Qf6+ Kg8 56. Kd2 Rg3 57.
Kc2 Kf8 58. Qh8+ Ke7 59. Qg7 Rf3 60. Qf6+ Kf8 61. Kd2 Kg8 62. Ke2 Rg3 63. Kf2 Rd3 64. Qe7 Rh3 65. Kg2 Rd3 66. Qb7 Rd4 67. Kf3 Rd3+ 68.
Ke4 Rg3 69. Qe7 Rg1 70. Kd4 Rd1+ 71. Kc5 Rc1+ 72. Kd6 Rd1+ 73. Kc7 Rd4 74. Qf6 Rd1 75. Kc8 Rd2 76. Kc7 Rd1 77. f5 gxf5 78. Qg5+ Kf8 79. Qxh5 Rc1+ 80. Kd6 Rg1 81. Qh8+ Rg8 82. Qh6+ Rg7 83.
Qf6 Kg8 84. h5 Rg4 85. h6 Ra4 86. Ke7 Ra7+ 87. Kd6 Ra6+ 88. Kc5 Ra5+ 89. Kd4 Ra4+ 90. Ke3 Rg4 91. Kf3 Rg6 92. Qd8+ Kh7 93. Qf8 Rxh6 94. Qxf7+ Kh8 95. Kf4 Rh4+ 96. Kg5 Rg4+ 97. Kf6 Rg6+ 98.
Kxg6 f4 99. Qh7# 1-0

[Event "Early-Titled-Tuesday-Blitz-January-16-2024"]
[Site "Chess.com"]
[Date "2024.01.16"]
[Round "3"]
[White "topce"]
[Black "Zavgorodniy_Sergiy"]
[Result "1/2-1/2"]
[WhiteElo "2372"]
[BlackElo "2591"]
[TimeControl "180+1"]
[EndTime "8:31:38 PST"]
[Termination "Game drawn - insufficient material"]

1. c4 e5 2. d3 Nf6 3. Nc3 Bb4 4.
Bd2 O-O 5. a3 Bxc3 6. Bxc3 Re8 7. e3 d5 8. cxd5 Nxd5 9. Rc1 c5 10. Bd2 b6 11. Nf3 Ba6 12. Be2 Nf6 13. Qc2 e4 14. dxe4 Bxe2 15. Kxe2 Nxe4 16. Rhd1 Qe7 17. Bc3 Nd7 18.
b3 Nf8 19. Bb2 Rad8 20. Kf1 Qe6 21. Rxd8 Rxd8 22. Rd1 Rd5 23. Rxd5 Qxd5 24. Ke2 Ne6 25. Qd3 Qxd3+ 26. Kxd3 Nxf2+ 27. Ke2 Ne4 28. Ne5 Nd8 29. Kd3 Nd6 30. Nd7 f6 31. e4 Kf7 32. e5 fxe5 33. Nxe5+ Ke6 34. Nc4 g6 35. Ne5 Kd5 36. Ng4 Ke6 37. Nf6 h5 38. g4 hxg4 39. Nxg4 Nc6 40. Ne3 b5 41. Bc3 Nf5 42. Nxf5 Kxf5 43. Be1 Ne5+ 44.
Kc3 Ke4 45. Bg3 Kd5 46. Bf2 a6 47. Bg3 Nf3 48. Bb8 Nd4 49. a4 b4+ 50. Kb2 Ne6 51. Bg3 Ke4 52. Bb8 Kd3 53. Be5 c4 54. bxc4 Kxc4 55. Bd6 Nc5 56. a5 Ne4 57. Bc7 Nc3 58.
Bd8 Nd5 59. h4 Kb5 60. Kb3 Nc3 61. Be7 Nd5 62. Bd8 Kc5 63. Bg5 Kd4 64. Bd8 Kd3 65.
Bg5 Ke4 66. Bd8 Kd4 67. Bg5 Kc5 68. Bd8 Nc3 69. Be7+ Kb5 70. Bxb4 Ne4 71. Be1 Nc5+ 72. Ka3 Nb7 73. Kb3 Nxa5+ 74. Ka3 Nc4+ 75. Ka2 Kc5 76.
Bf2+ Kd5 77. Kb3 Nd2+ 78. Ka4 Ne4 79. Be1 Nd6 80. Ka5 Nf5 81. Kxa6 Ke4 82. Kb6 Nd4 83. Kc7 Nf3 84. Bf2 Kf5 85. Kd7 Kg4 86. Ke6 Nxh4 87.
Ke5 g5 88. Ke4 Nf5 89. Bb6 Ng3+ 90. Ke3 Kh3 91. Kf2 g4 92. Kg1 Ne4 93. Bc7 Kh4 94.
Bb8 Kh5 95. Bc7 Kg6 96. Bb8 Kf5 97. Kg2 Ke6 98. Bc7 Nc5 99. Bb8 Na6 100. Kg3 Nxb8 101. Kxg4 1/2-1/2

[Event "Early-Titled-Tuesday-Blitz-January-16-2024"]
[Site "Chess.com"]
[Date "2024.01.16"]
[Round "3"]
[White "Bigfish1995"]
[Black "Rodalquilar"]
[Result "1/2-1/2"]
[WhiteElo "3035"]
[BlackElo "2775"]
[TimeControl "180+1"]
[EndTime "8:32:30 PST"]
[Termination "Game drawn by 50-move rule"]

1. e4 d5 2. exd5 Qxd5 3. Nc3 Qa5 4. d4 Nf6 5. Nf3 Bf5 6. Bd2 e6 7. a3 c6 8. h3 Nbd7 9. Nh4 Bg6 10. Nxg6 hxg6 11. Bd3 Qc7 12. Qf3 Bd6 13. O-O-O O-O-O 14. g4 Rdf8 15. Kb1 Kb8 16. h4 Nd5 17. Ne2 c5 18. c4 N5b6 19. b4 cxb4 20. c5 bxa3 21. cxd6 Qxd6 22. Qg3 e5 23. dxe5 Nxe5 24. Qxe5 Qxe5 25.
Bf4 Qxf4 26. Nxf4 Rd8 27. Bc2 Rxd1+ 28. Bxd1 g5 29. Ng2 gxh4 30. Rxh4 Rd8 31. Ne3 Rd2 32. Rh2 Nd5 33. Kc1 Nxe3 34. Rh8+ Kc7 35. Bb3 Rd1+ 36. Bxd1 Nxd1 37. Rh3 Nxf2 38. Rf3 Nxg4 39. Rxf7+ Kb6 40.
Rxg7 Ne5 41. Rg3 Nc4 42. Kb1 a5 43. Ka2 a4 44. Rg5 Kc6 45. Rg6+ Kc5 46. Rg5+ Kb4 47. Rg4 b5 48. Rg5 Ne3 49. Rh5 Nc2 50. Rh4+ Kc3 51.
Rh3+ Kc4 52. Rh4+ Kc3 53. Rh3+ Kc4 54. Rh4+ Kc5 55. Rh2 Nb4+ 56. Kxa3 Nc6 57. Rh5+ Kc4 58. Rh4+ Nd4 59. Kb2 b4 60. Rh3 b3 61. Rh4 Kd3 62.
Rh3+ Kc4 63. Rh4 Kd3 64. Rg4 Nc2 65. Rxa4 Nd4 66. Rb4 Ke3 67. Kc3 Ne2+ 68. Kxb3 Nd4+ 69. Kc4 Ne2 70. Kd5 Nc3+ 71. Ke5 Ne2 72. Rb3+ Kd2 73.
Rh3 Nc3 74. Kd4 Ne2+ 75. Kc4 Nf4 76. Rf3 Ne2 77. Rd3+ Kc2 78. Rh3 Kd2 79. Rf3 Kc2 80. Rd3 Nc1 81. Rd8 Ne2 82. Rd7 Nc1 83. Kd4 Kd2 84.
Ke4+ Kc2 85. Ke3 Nb3 86. Rc7+ Kb2 87. Kd3 Nc1+ 88. Kc4 Kc2 89. Rh7 Kd2 90. Rh2+ Ne2 91. Rg2 Ke3 92. Rh2 Kd2 93. Kd5 Ke3 94. Ke5 Kf3 95.
Rh3+ Ng3 96. Rh4 Ne2 97. Ra4 Ke3 98. Ra3+ Kd2 99. Ke4 Nc3+ 100. Ke5 Ne2 101. Rh3 Nc3 102. Kd4 Ne2+ 103. Kc4 Nf4 104. Rf3 Ne2 105. Ra3 Nf4 106. Kd4 Ne2+ 107. Kd5 Nc3+ 108. Kc4 Ne2 109. Rd3+ Kc2 110. Re3 Kd2 111. Re4 Ng3 112. Rg4 Ne2 113. Rg5 Ke3 114. Re5+ Kf3 115. Kd3 Nf4+ 116. Kd2 Ng2 117. Rf5+ Nf4 118. Rf8 1/2-1/2

[Event "Early-Titled-Tuesday-Blitz-January-16-2024"]
[Site "Chess.com"]
[Date "2024.01.16"]
[Round "3"]
[White "Yeritsyaan"]
[Black "Road2GM3000"]
[Result "0-1"]
[WhiteElo "2645"]
[BlackElo "2475"]
[TimeControl "180+1"]
[EndTime "8:32:45 PST"]
[Termination "Road2GM3000 won by resignation"]

1. Nf3 d5 2. c4 c6 3. d3 Nf6 4. Nbd2 Bg4 5. b3 e6 6. Bb2 Nbd7 7. h3 Bh5 8. e3 Bd6 9. Be2 O-O 10. O-O h6 11. a3 Rc8 12. b4 Qc7 13.
Rc1 Qb8 14. Re1 Ne5 15. Nxe5 Bxe2 16. Nxc6 Bxd1 17. Nxb8 Ba4 18. e4 Bxb8 19. exd5 exd5 20. Bxf6 gxf6 21. g3 Be5 22. cxd5 Bc3 23. Re2 Bxd2 24. Rxc8 Rxc8 25. Rxd2 Rd8 26. f4 Rxd5 27. Kf2 Kf8 28. Ke3 Rd7 29. d4 Bc6 30. Rc2 a6 31. Rc5 Rd5 32. Rc3 Ke7 33. h4 h5 34. Rc1 Kd8 35. Re1 Rd7 36. Rc1 Re7+ 37. Kd3 Bb5+ 38. Kd2 Re4 39.
Kd1 Rxd4+ 40. Ke1 Rd3 41. Rc5 Rxa3 42. Kf2 Ra2+ 43. Ke3 Be2 44. Rd5+ Kc7 45. Rf5 Kd7 46. Rxf6 Ke7 47. Rb6 Bg4 48. Rxb7+ Kf6 49. Ra7 Ra3+ 50. Kf2 Ke6 51. b5 a5 52. b6 Rb3 53. b7 a4 54.
Ra6+ Kd7 55. Rxa4 Rxb7 56. Re4 Kd6 57. Re5 Rb2+ 58. Kf1 f6 59. Re8 Kd5 60. Re3 Kd4 61.
Re7 f5 62. Re5 Rb3 63. Kf2 Rb2+ 64. Kf1 Kd3 65. Re8 Rb4 66. Kf2 Re4 67. Rd8+ Kc3 68. Rc8+ Rc4 69. Re8 Rd4 70. Rc8+ Kd2 71. Re8 Kd1 72.
Re1+ Kc2 73. Re8 Rd2+ 74. Kf1 Kd3 75. Re7 Be2+ 76. Ke1 Rd1+ 77. Kf2 Rf1+ 78. Kg2 Ra1 79. Rd7+ Kc4 80. Kf2 Ra2 81. Ke3 Bg4 82. Rc7+ Kd5 83. Rd7+ Ke6 84. Rd3 Rg2 85. Kd4 Rf2 86. Re3+ Kd6 87.
Ra3 Rf3 88. Ra6+ Kc7 89. Kc5 Rxg3 90. Ra7+ Kb8 91. Rh7 Rf3 92. Kb6 Kc8 93. Kc6 Kd8 94. Kd6 Ke8 95. Ke6 Kf8 96. Kf6 Kg8 97. Rg7+ Kh8 98. Ra7 Rb3 99. Ra8+ Kh7 100. Kg5 Rb7 101. Kf6 Rb6+ 102. Ke5 Kg7 103. Ra7+ Kf8 104. Ra8+ Ke7 105. Ra7+ Kd8 106. Rh7 Kc8 107. Kd5 Rb7 108. Rh8+ Kc7 109. Kc5 Rb1 110. Rh7+ Kd8 111. Kd6 Rb6+ 112. Kc5 Re6 113. Kd5 Re4 114. Kd6 Ke8 115. Ra7 Rxf4 116. Ke6 Re4+ 117. Kf6 f4 118. Ra5 f3 119. Ra2 Re2 120. Ra8+ Kd7 121. Ra1 f2 122. Rf1 Bh3 123. Rd1+ Kc6 124. Kg5 f1=Q 125. Rxf1 Bxf1 126.
Kxh5 Kd7 127. Kg6 Rg2+ 128. Kf7 Rh2 129. h5 Rxh5 0-1

[Event "Early-Titled-Tuesday-Blitz-January-16-2024"]
[Site "Chess.com"]
[Date "2024.01.16"]
[Round "3"]
[White "HPanesso"]
[Black "01Roman"]
[Result "1-0"]
[WhiteElo "2633"]
[BlackElo "2431"]
[TimeControl "180+1"]
[EndTime "8:33:51 PST"]
[Termination "HPanesso won on time"]

1. e4 c5 2. Nf3 Nf6 3. e5 Nd5 4. g3 Nc6 5. Nc3 e6 6. Bg2 d6 7. exd6 Bxd6 8. O-O Nxc3 9. bxc3 O-O 10. d4 Na5 11.
Ng5 Be7 12. Qh5 h6 13. Ne4 cxd4 14. cxd4 Nc6 15. Be3 Qa5 16. Qe2 Rd8 17. Rfd1 Nb4 18. c4 Bd7 19. a3 Nc6 20. d5 exd5 21. cxd5 Ne5 22. d6 Bf8 23. Rd5 Qxd5 24. Nf6+ gxf6 25. Bxd5 Bg4 26. f3 Bf5 27. Bxb7 Rab8 28. Be4 Bxe4 29. fxe4 Rxd6 30. Rd1 Rxd1+ 31. Qxd1 Bxa3 32. Bxa7 Rb2 33. Kh1 Bf8 34. Bd4 Rb4 35. Bxe5 fxe5 36. Qf3 Bg7 37. h4 Rb6 38. Kg2 Rg6 39. Kh3 Rf6 40. Qd3 Re6 41.
Qd5 Bf8 42. Qd7 Bg7 43. Kg4 Bf8 44. h5 Bg7 45. Kf3 Bf8 46. g4 Bg7 47. Ke2 Bf8 48.
Qd8 Kg7 49. g5 hxg5 50. Qxg5+ Kh7 51. Qf5+ Kg8 52. Kd3 Bg7 53. Qg5 Rh6 54. Kc4 Re6 55. Kd5 Rh6 56. Qd8+ Kh7 57. Qe8 Rf6 58. Qe7 Kg8 59. Kc4 Re6 60. Qg5 Kh7 61. Kd3 Kg8 62. Qf5 Kf8 63. Ke2 Kg8 64. Ke1 Kf8 65. Qg5 Kg8 66.
Qd8+ Kh7 67. Qd7 Kg8 68. Ke2 Bf8 69. Kf3 Bh6 70. Kg4 Bf4 71. Kf5 Bh6 72. Qd8+ Kg7 73.
Qh4 Bf4 74. Kg4 Bh6 75. Qd8 Bf4 76. Kf3 Bh6 77. Ke2 Bf4 78. Kd3 Bh6 79. Qd7 Bf4 80.
Kc4 Bh6 81. Kd5 Bf4 82. Qd8 Bh6 83. Qh4 Bf4 84. Qg4+ Kh7 85. Qf3 Kg7 86. Qf2 Bh6 87. Qf5 Bf4 88. h6+ Bxh6 89. Qg4+ Kh7 90. Qh5 Kg7 91.
Kc4 Bf4 92. Kd3 Rg6 93. Qf5 Rg5 94. Qd7 Rg3+ 95. Kc4 Rg6 96. Qf5 Rg3 97. Kd5 Rg6 98. Kc5 Rg5 99. Qh3 Rg3 100. Qh5 Rg6 101. Kd5 Rg3 102. Kd6 Rd3+ 103. Ke7 f6 104. Qf7+ Kh6 105. Kxf6 Rg3 106. Qf8+ Kh5 107. Qh8+ Kg4 108. Qc8+ Kf3 109. Qc4 Ke3 110. Ke6 Rg6+ 111. Kd5 Rg3 112. Qc2 Rf3 113. Kc4 Rg3 114.
Kd5 Rf3 115. Qd1 Rg3 116. Qe1+ Kf3 117. Ke6 Rh3 118. Kf5 Rg3 119. Qc3+ Kf2 120. Qc2+ Kf3 121. Qd3+ Kf2 122. Qd5 Rg5+ 123. Ke6 Rg3 124. Qa2+ Kf3 125. Kd5 Rg2 126. Qb3+ Kg4 127. Ke6 Rg3 128. Qd1+ Kh4 129. Kf6 Kh3 130. Qh1+ Kg4 131. Kg6 Be3 132. Qh5+ Kf4+ 133. Kf6 Bd4 134. Qf5+ Ke3 135. Ke6 Rf3 136. Qg5+ Rf4 137. Kd5 Kf3 138. Qh5+ Ke3 139. Qd1 1-0

[Event "Early-Titled-Tuesday-Blitz-January-16-2024"]
[Site "Chess.com"]
[Date "2024.01.16"]
[Round "4"]
[White "guillembaches"]
[Black "KanalSzachowy"]
[Result "1/2-1/2"]
[WhiteElo "2519"]
[BlackElo "2339"]
[TimeControl "180+1"]
[EndTime "8:35:48 PST"]
[Termination "Game drawn by repetition"]

1. d4 Nf6 2. Nf3 e6 3. Bg5 c5 4.
e3 h6 5. Bh4 Be7 6. Nbd2 O-O 7.
Bd3 Nc6 8. c3 b6 9. O-O Bb7 10.
Qe2 d5 11. Rad1 Qc7 12. Bg3 Bd6 13. Bh4 Be7 14. Bg3 Bd6 15. Bh4 Be7 1/2-1/2

[Event "Early-Titled-Tuesday-Blitz-January-16-2024"]
[Site "Chess.com"]
[Date "2024.01.16"]
[Round "4"]
[White "NoHeThTo"]
[Black "MagnusCarlsen"]
[Result "0-1"]
[WhiteElo "2717"]
[BlackElo "3319"]
[TimeControl "180+1"]
[EndTime "8:35:59 PST"]
[Termination "MagnusCarlsen won by resignation"]

1. d4 a6 2. Nc3 h6 3. Bf4 d6 4. e3 b5 5. Qf3 Ra7 6. Bd3 Nf6 7.
a4 g5 8. Bg3 Bg4 9. axb5 Bxf3 10. Nxf3 a5 11. b4 a4 12. Rxa4 Rxa4 13. Nxa4 Nbd7 14. O-O Bg7 15. c4 O-O 16. c5 Nh5 17. Nc3 Nxg3 18. h3 dxc5 0-1

[Event "Early-Titled-Tuesday-Blitz-January-16-2024"]
[Site "Chess.com"]
[Date "2024.01.16"]
[Round "4"]
[White "Zavgorodniy_Sergiy"]
[Black "Glaive_64"]
[Result "1-0"]
[WhiteElo "2594"]
[BlackElo "2349"]
[TimeControl "180+1"]
[EndTime "8:36:04 PST"]
[Termination "Zavgorodniy_Sergiy won by resignation"]

1. e4 d6 2. Nc3 Nf6 3. g3 g6 4.
Bg2 Bg7 5. Nge2 O-O 6. d4 e5 7. h3 Nbd7 8. O-O h6 9. Be3 c6 10. a4 a5 11. Qd2 Qc7 12. Bxh6 exd4 13. Nxd4 Ne5 14. Bxg7 Kxg7 15. f4 Nc4 16. Qe2 d5 17. e5 Nh5 18. Qf2 Nxb2 19. g4 c5 20. Ndb5 1-0

[Event "Early-Titled-Tuesday-Blitz-January-16-2024"]
[Site "Chess.com"]
[Date "2024.01.16"]
[Round "4"]
[White "cristiano78"]
[Black "aghasiyevkamal"]
[Result "0-1"]
[WhiteElo "2260"]
[BlackElo "2622"]
[TimeControl "180+1"]
[EndTime "8:36:10 PST"]
[Termination "aghasiyevkamal won by resignation"]

1. d4 d5 2. c4 e6 3. Nf3 Nf6 4.
Nc3 Be7 5. Bg5 Nbd7 6. e3 h6 7.
Bh4 O-O 8. Rc1 c5 9. dxc5 dxc4 10. c6 bxc6 11. Bxc4 c5 12. O-O Bb7 13. Qe2 Nb6 14. Ba6 Qc8 15. Bxb7 Qxb7 16. Na4 Nxa4 17. b3 Nb6 18. Bxf6 Bxf6 19. Rxc5 Rac8 20. Rfc1 Rxc5 21.
Rxc5 Rc8 22. Qc2 Rxc5 23. Qxc5 Qd5 24. Qxd5 Nxd5 25. Kf1 g5 26. a4 Bc3 27. Ke2 Nb4 28. h3 Kg7 0-1

[Event "Early-Titled-Tuesday-Blitz-January-16-2024"]
[Site "Chess.com"]
[Date "2024.01.16"]
[Round "4"]
[White "GMT4114"]
[Black "ClayK1ng"]
[Result "1-0"]
[WhiteElo "1990"]
[BlackElo "2291"]
[TimeControl "180+1"]
[EndTime "8:36:26 PST"]
[Termination "GMT4114 won by resignation"]

1. e4 c5 2. Nc3 d6 3. d4 cxd4 4. Qxd4 Nc6 5. Qd2 g6 6. b3 Bh6 7.
f4 e5 8. Nb5 Bxf4 9. Qxd6 Qxd6 10.
Nxd6+ Kd7 11. Nxf7 1-0

[Event "Early-Titled-Tuesday-Blitz-January-16-2024"]
[Site "Chess.com"]
[Date "2024.01.16"]
[Round "4"]
[White "Cambek64"]
[Black "j2806"]
[Result "1-0"]
[WhiteElo "2439"]
[BlackElo "2084"]
[TimeControl "180+1"]
[EndTime "8:36:31 PST"]
[Termination "Cambek64 won by resignation"]

1. b3 d5 2. Bb2 c5 3. e3 e6 4. f4 Nf6 5. Nf3 Be7 6. Ne5 Nbd7 7. Bd3 Qc7 8. O-O a6 9. a4 b6 10. Qf3 Bb7 11. Qh3 O-O-O 12. Nxf7 Rdf8 13. Nxh8 Rxh8 14. Qxe6 1-0

[Event "Early-Titled-Tuesday-Blitz-January-16-2024"]
[Site "Chess.com"]
[Date "2024.01.16"]
[Round "4"]
[White "Logman74"]
[Black "vanyakuba"]
[Result "0-1"]
[WhiteElo "2490"]
[BlackElo "2315"]
[TimeControl "180+1"]
[EndTime "8:36:36 PST"]
[Termination "vanyakuba won by resignation"]

1. e4 d5 2. exd5 Qxd5 3. Nc3 Qa5 4. d4 Nf6 5. Nf3 Bg4 6. h3 Bh5 7. g4 Bg6 8. Ne5 e6 9. Bg2 c6 10. h4 Nbd7 11. Nxd7 Kxd7 12. h5 Be4 13. Bxe4 Nxe4 14. Qf3 Nxc3 15. Qxf7+ Be7 16. Bd2 Qd5 17. O-O Raf8 18.
Qxg7 Rhg8 0-1